 Dungeon Crawl Stone Soup version 0.26.0-10-g1f06aea511 (webtiles) character file.

Game seed: 17172125278878676687

50855 MajorAdolf the Tainter (level 14, -4/100 HPs)
             Began as a Demonspawn Venom Mage on Jan 18, 2021.
             Was an Initiate of Gozag.
             Slain by a harpy (13 damage)
             ... on level 13 of the Dungeon.
             The game lasted 01:16:57 (35804 turns).

MajorAdolf the Tainter (Demonspawn Venom Mage)     Turns: 35804, Time: 01:16:57

Health: -4/100     AC: 11    Str:  8    XL:     14   Next: 21%
Magic:  4/43       EV:  8    Int: 22    God:    Gozag
Gold:   777        SH: 20    Dex: 14    Spells: 16/28 levels left

rFire    + . .     SeeInvis .   r - staff of poison
rCold    . . .     Faith    .   o - +0 tower shield
rNeg     . . .     Spirit   .   O - +1 leather armour {Will+}
rPois    +         Reflect  +   s - +1 hat
rElec    .         Harm     .   V - +1 cloak {Stlth+}
rCorr    +         Rampage  .   (no gloves)
Will     ++...                  e - +1 pair of boots
Stlth    ++........             A - amulet of reflection
HPRegen  0.26/turn              Q - ring of magical power
MPRegen  0.28/turn              x - ring of magical power

@: no status effects
A: horns 2, yellow scales 3, deformed body, demonic guardian 1, fire resistance
1, ignite blood, robust 1, wild magic 1, evolution 1, flame cloud immunity
a: Renounce Religion, Potion Petition, Call Merchant, Bribe Branch


You were on level 13 of the Dungeon.
You worshipped Gozag.
Gozag was pleased with you.
You visited 3 branches of the dungeon, and saw 17 of its levels.
You also visited: Ossuary.

You collected 5399 gold pieces.
You spent 3924 gold pieces at shops.
You paid 698 gold pieces to Gozag.

Inventory:

Hand Weapons
 N - the +7 short sword "Pizyuf" {protect, MP+9 Int+4}
   (You bought it in a shop on level 8 of the Dungeon)

   It grants its wielder temporary protection when it strikes (+7 to AC).
   It affects your intelligence (+4).
   It affects your magic capacity (+9).
 U - the cursed +2 broad axe of the Present {vamp, rPois Int-3 SInv, unknown}
   (You found it on level 14 of the Dungeon)

   It inflicts no extra harm, but heals its wielder when it wounds a living foe.
   It affects your intelligence (-3).
   It protects you from poison.
   It lets you see invisible.
   It has a curse placed upon it.
Missiles
 k - 35 poisoned darts
 G - 4 curare-tipped darts
Armour
 e - a +1 pair of boots (worn)
 l - a +2 robe of cold resistance
 o - a +0 tower shield (worn)
 s - a +1 hat (worn)
 O - a +1 leather armour of willpower (worn)
 V - a +1 cloak of stealth (worn)
Magical Staves
 r - an uncursed staff of poison (weapon)
Jewellery
 f - a +6 ring of intelligence
 m - a +4 ring of evasion
 x - a ring of magical power (right hand)
 y - a +4 ring of evasion
 A - an amulet of reflection (around neck)
 Q - a ring of magical power (left hand)
 T - an uncursed ring of ice {unknown}
 X - an uncursed ring of protection from cold {unknown}
Wands
 a - a wand of iceblast (12)
 t - a wand of flame (63)
 B - a wand of acid (22)
 P - a wand of paralysis (13)
 R - a wand of polymorph (19)
Scrolls
 b - 2 scrolls of identify
 i - 8 scrolls of remove curse
 n - 4 scrolls of enchant weapon
 v - 5 scrolls of fog
 w - 3 scrolls of enchant armour {unknown}
 z - a scroll of teleportation
 D - 4 scrolls of amnesia
 E - 5 scrolls of immolation
 F - 2 scrolls of silence {unknown}
 H - a scroll of holy word {unknown}
 I - a scroll of fear
 J - a scroll of noise {unknown}
 S - a scroll of torment {unknown}
 W - a scroll of summoning {unknown}
 Y - a scroll of magic mapping
Potions
 c - 2 potions of resistance
 d - 2 potions of flight
 g - 3 potions of haste
 h - 5 potions of curing
 j - 2 potions of degeneration
 p - 3 potions of heal wounds {unknown}
 q - 4 potions of ambrosia {unknown}
 u - 2 potions of attraction {unknown}
 C - 3 potions of might
 M - 2 potions of magic
Miscellaneous
 K - a tin of tremorstones (2/2)


   Skills:
 + Level 2.4 Fighting
 - Level 1.7 Dodging
 - Level 1.7 Stealth
 * Level 10.0 Shields
 + Level 7.8 Spellcasting
 + Level 7.6 Conjurations
 + Level 6.9 Transmutations
 * Level 8.6 Fire Magic
 + Level 7.2 Air Magic
 * Level 11.5 Poison Magic
 * Level 8.1 Evocations


You had 16 spell levels left.
You knew the following spells:

 Your Spells              Type           Power        Failure   Level
a - Olgreb's Toxic Radia  Pois           86%          11%         4
b - Poisonous Vapours     Pois/Air       100%         4%          2
c - Mephitic Cloud        Conj/Pois/Air  75%          10%         3
d - Ignite Poison         Fire/Tmut/Pois 76%          10%         3

Your spell library contained the following spells:

 Spells                   Type           Power        Failure   Level
 Sting                    Tmut/Pois      100%         3%          1
 Foxfire                  Conj/Fire      100%         4%          1
 Shock                    Conj/Air       100%         6%          1
 Swiftness                Air            51%          10%         2
 Static Discharge         Conj/Air       52%          16%         3
 Airstrike                Air            25%          45%         4
 Lightning Bolt           Conj/Air       26%          78%         5
 Ensorcelled Hibernation  Hex/Ice        22%          82%         2
 Silence                  Hex/Air        15%          99%         5
 Borgnjor's Vile Clutch   Necr/Erth      5%           100%        5
 Shadow Creatures         Summ           N/A          100%        6
 Haunt                    Necr/Summ      5%           100%        7
 Borgnjor's Revivificati  Necr           5%           100%        8
 Infestation              Necr           5%           100%        8
 Necromutation            Tmut/Necr      15%          100%        8
 Death's Door             Necr           5%           100%        9


Dungeon Overview and Level Annotations

Branches:
Dungeon (15/15)            Temple (1/1) D:7            Lair (0/6) D:11
    Orc (2/2) D:11            Elf (0/3) Orc:2        Vaults (0/5) D:14
 Depths (0/5) D:15        Ossuary (visited)

Altars:
Ashenzari
Dithmenos
Elyvilon
Gozag
Kikubaaqudgha
Makhleb
Okawaru
Ru
Sif Muna
Uskayaw
Vehumet
Xom
Yredelemnul
Zin
The Shining One
Beogh

Shops:
D:8 (   D:9 *   D:14 [   D:15 *   Orc:2 !?[}[

Annotations:
D:4 Dowan
D:7 3 runed translucent doors, 15bullets's ghost, novice GnWr
D:14 Kilet's ghost, adept GrEE


Innate Abilities, Weirdness & Mutations

You have a pair of horns on your head.
You are completely covered in yellow scales. (AC +4, rCorr)
A weak demonic guardian rushes to your aid.
Your flesh is heat resistant. (rF+)
Your demonic aura causes spilled blood to erupt in flames.
You are immune to clouds of flame.
Armour fits poorly on your strangely shaped body.
You are robust. (+10% HP)
Your spells are a little harder to cast, but a little more powerful.
You evolve.


Message History

The harpy claws you.
* * * LOW HITPOINT WARNING * * *
The harpy barely misses you.
Okay, then.
Okay, then.
Blink to where?
Press: ? - help, Dir - move target
As you read the scroll of blinking, it crumbles to dust.
The harpy screeches!
Okay, then.
Evoke which item? (* to show all) (? for menu, Esc to quit)
Aiming: Paralyse
Press: ? - help, Shift-Dir - straight line, f - harpy
Aim: a harpy (noxious fumes, lightly wounded, chance to affect: 69%)
The harpy struggles to resist.
Unknown command.
Okay, then.
You swap places.
You block the harpy's attack. The harpy claws you!
You die...
Your body crumbles into a pile of gold.

.......
#...##.##.##...
.....#
[.≈..$.$....$≈.
.....# ##(($$##
.....# #......#
.....# ##≈○##.≈##
###### #○≈....≈≈#
.#### ##H....####
....# #5H#####
###'##### #@##
........# ###.#
........# #.5.#
........### ##.######
........'.###.......#
........#..##.......#
........##..........#
........#####.......#
........# #......<#


You could see 2 harpies, a friendly iron imp (summoned) and a friendly quasit
(summoned).

Vanquished Creatures
  A fire giant (D:15)
  The ghost of Kuralita the Martial Artist, a journeyman OpTm of Makhleb (D:15)
  Nessos (D:14)
  Erolcha (Orc:2)
  A vault guard (D:14)
  A hydra (D:15)
  A centaur warrior (D:15)
  4 tengu warriors (D:13)
  5 two-headed ogres
  3 ogre magi (Orc:2)
  An orc high priest (Orc:2)
  Nergalle (Orc:2)
  An unseen horror (D:10)
  2 orc knights (Orc:1)
  A harpy (D:13)
  17 ugly things
  7 orc sorcerers (Orc:2)
  2 cyclopes (D:12)
  A manticore (D:12)
  Joseph (D:9)
  2 gargoyles
  An efreet (D:11)
  A komodo dragon (D:12)
  5 trolls
  3 meliai (D:15)
  4 hornets
  7 slime creatures
  A centaur simulacrum (D:14)
  3 shadows
  2 vampires
  A water elemental (D:11)
  2 wyverns
  15 yaks
  5 humans (D:14)
  2 basilisks
  5 vampire mosquitoes
  An acid dragon (D:12)
  2 water moccasins
  7 black bears
  2 ice beasts
  2 hornet zombies
  15 orc warriors
  4 sky beasts
  14 ogres
  An eye of draining (D:9)
  A necrophage (D:7)
  5 centaurs
  3 big kobolds
  3 gnoll sergeants
  13 bullfrogs
  3 elf skeletons (D:8)
  A wyvern skeleton (D:9)
  16 scorpions
  5 killer bees
  6 electric eels (D:11)
  18 wights
  4 howler monkeys
  5 centaur zombies
  7 bullfrog zombies
  2 hounds
  11 jellies
  3 bullfrog skeletons
  31 orc wizards
  3 human zombies
  9 orc priests
  3 centaur skeletons
  3 iguanas
  A gnoll shaman (D:4)
  5 worker ants
  6 big kobold zombies (Ossuary)
  7 ogre zombies (D:11)
  A hound zombie (D:10)
  3 mummies (Ossuary)
  22 gnolls
  5 scorpion zombies (Ossuary)
  10 adders
  3 shadow imps
  4 white imps
  2 ufetubi
  2 worms
  A dart slug (D:1)
  2 leopard geckos
  59 orcs
  3 ball pythons
  4 giant cockroaches
  2 gnoll zombies (Ossuary)
  5 goblins
  2 hobgoblins
  2 jackals (D:4)
  5 quokkas
  8 bats
  3 frilled lizards
  6 goblin zombies
  3 hobgoblin skeletons (D:11)
  5 hobgoblin zombies
  16 kobolds
  2 kobold zombies (Ossuary)
  3 orc skeletons
  14 orc zombies
  A quokka zombie (D:9)
  3 rats
535 creatures vanquished.

Vanquished Creatures (collateral kills)
  A harpy (D:13)
  A slime creature (D:10)
  A vampire mosquito (D:15)
  2 bullfrogs
  A bullfrog skeleton (D:12)
  An ogre zombie (D:11)
  A hound skeleton (D:10)
  A shadow imp (D:10)
  2 orcs (D:12)
  A goblin skeleton (D:11)
12 creatures vanquished.

Vanquished Creatures (others)
  6 humans (D:14)
  59 fungi
  59 plants
  2 withered plants (D:15)
126 creatures vanquished.

Grand Total: 673 creatures vanquished

Notes
Turn   | Place    | Note
-------+----------+-------------------------------------------
     0 | D:1      | MajorAdolf the Demonspawn Venom Mage began the quest for
                  | the Orb.
     0 | D:1      | Reached XP level 1. HP: 13/13 MP: 3/3
   572 | D:1      | Gained mutation: Your flesh is heat resistant. (rF+)
                  | [demonic ancestry]
   572 | D:1      | Reached XP level 2. HP: 19/19 MP: 3/5
   576 | D:1      | Learned a level 2 spell: Poisonous Vapours
  1504 | D:2      | Reached XP level 3. HP: 24/24 MP: 3/6
  1900 | D:3      | Reached skill level 1 in Air Magic
  2658 | D:3      | Gained mutation: You are partially covered in yellow
                  | scales. (AC +2) [demonic ancestry]
  2658 | D:3      | Reached XP level 4. HP: 30/30 MP: 0/8
  2730 | D:3      | Reached skill level 4 in Poison Magic
  3294 | D:3      | Learned a level 3 spell: Mephitic Cloud
  4019 | D:4      | Reached skill level 1 in Shields
  4074 | D:4      | Reached skill level 1 in Transmutations
  4074 | D:4      | Reached XP level 5. HP: 30/35 MP: 3/9
  4305 | D:4      | Noticed Dowan
  4668 | D:4      | Reached skill level 1 in Conjurations
  4668 | D:4      | Gained mutation: You are mostly covered in yellow scales.
                  | (AC +3) [demonic ancestry]
  4668 | D:4      | Reached XP level 6. HP: 41/41 MP: 3/10
  5020 | D:3      | Learned a level 3 spell: Ignite Poison
  5215 | D:5      | Entered Level 5 of the Dungeon
  5363 | D:5      | You fall into a shaft and drop 2 floors!
  5375 | D:7      | Found a staircase to the Ecumenical Temple.
  5386 | Temple   | Entered the Ecumenical Temple
  5578 | Temple   | Became a worshipper of Gozag Ym Sagoz the Greedy
  5782 | D:7      | Reached skill level 5 in Poison Magic
  6080 | D:7      | Reached skill level 1 in Fire Magic
  6080 | D:7      | Reached XP level 7. HP: 39/46 MP: 5/12
  7296 | D:7      | Gained mutation: You have a pair of small horns on your
                  | head. [demonic ancestry]
  7296 | D:7      | Reached XP level 8. HP: 52/52 MP: 5/13
  7775 | D:7      | Noticed 15bullets's ghost (novice GnWr)
  7777 | D:7      | Noticed a yaktaur
  7782 | D:7      | Found a runed translucent gate.
  7782 | D:7      | Found a runed translucent gate.
  7782 | D:7      | Found a runed translucent gate.
  7805 | D:7      | Found a white marble altar of Elyvilon.
  8104 | D:8      | Learned a level 4 spell: Olgreb's Toxic Radiance
  8138 | D:8      | Found Veocaboe's Weapon Boutique.
  8285 | D:8      | Found a sand-covered staircase.
  8350 | Ossuary  | Entered an ossuary
  8385 | Ossuary  | Reached skill level 6 in Poison Magic
  8675 | Ossuary  | Reached skill level 1 in Evocations
  9757 | Ossuary  | Reached XP level 9. HP: 57/57 MP: 4/15
 10391 | D:8      | Found a shadowy altar of Dithmenos.
 10648 | D:8      | Found a hide-covered altar of Uskayaw.
 10654 | D:8      | Noticed a +0 dagger
 10655 | D:8      | Noticed a +0 dagger
 10843 | D:8      | Reached skill level 7 in Poison Magic
 11280 | D:8      | Reached skill level 5 in Shields
 11657 | D:9      | Noticed a two-headed ogre
 12017 | D:8      | Killed a two-headed ogre
 12442 | D:9      | Reached skill level 5 in Spellcasting
 12683 | D:9      | Found Asiage's Lightly-Used Armoury.
 13062 | D:9      | Noticed Joseph
 13089 | D:9      | Killed Joseph
 13090 | D:9      | Gained mutation: A weak demonic guardian rushes to your
                  | aid. [demonic ancestry]
 13090 | D:9      | Reached XP level 10. HP: 55/63 MP: 1/17
 13317 | D:9      | Noticed a two-headed ogre
 13321 | D:9      | Killed a two-headed ogre
 13523 | D:9      | Reached skill level 8 in Poison Magic
 14016 | D:9      | Found an iron altar of Okawaru.
 14056 | D:10     | Entered Level 10 of the Dungeon
 14739 | D:10     | Noticed a two-headed ogre
 14744 | D:10     | Killed a two-headed ogre
 14894 | D:10     | Found Baagum's Antique Weapon Shop.
 15891 | D:8      | Bought the +7 short sword "Pizyuf" {protect, MP+9 Int+4}
                  | for 1020 gold pieces
 16739 | D:11     | Reached skill level 5 in Conjurations
 16749 | D:10     | HP: 2/63 [something (2)]
 17352 | D:10     | Killed an unseen horror
 17353 | D:10     | Reached skill level 5 in Air Magic
 17353 | D:10     | Gained mutation: You are immune to clouds of flame.
                  | [demonic ancestry]
 17353 | D:10     | Reached XP level 11. HP: 41/68 MP: 4/19
 17494 | D:10     | HP: 2/68 [slime creature (7)]
 19110 | D:11     | Reached skill level 9 in Poison Magic
 19312 | D:11     | Reached skill level 5 in Fire Magic
 19964 | D:11     | Reached skill level 5 in Transmutations
 20481 | D:11     | Found a staircase to the Lair.
 20497 | D:11     | You fall into a shaft and drop 1 floor!
 20497 | D:12     | Found a white marble altar of Elyvilon.
 20498 | D:12     | Noticed a cyan ugly thing
 20515 | D:12     | Noticed a brown ugly thing
 20553 | D:11     | Noticed a purple ugly thing
 20728 | D:11     | Killed a purple ugly thing
 20870 | D:11     | Found a staircase to the Orcish Mines.
 21393 | D:11     | Noticed a cyan ugly thing
 21400 | D:11     | Killed a cyan ugly thing
 22110 | Orc:1    | Entered Level 1 of the Orcish Mines
 22428 | Orc:1    | Noticed an orc knight
 22432 | Orc:1    | Killed an orc knight
 22616 | Orc:1    | Reached skill level 5 in Evocations
 23594 | Orc:2    | Entered Level 2 of the Orcish Mines
 23732 | Orc:2    | Noticed an orc knight
 23855 | Orc:1    | Killed an orc knight
 23856 | Orc:1    | Gained mutation: You have a pair of horns on your head.
                  | [demonic ancestry]
 23856 | Orc:1    | Reached XP level 12. HP: 45/74 MP: 0/21
 24007 | Orc:2    | Found Rowkituest's Armour Emporium.
 24461 | Orc:2    | Bought a +2 robe of cold resistance for 177 gold pieces
 24502 | Orc:2    | Found a shimmering blue altar of Sif Muna.
 24868 | Orc:2    | Found a staircase to the Elven Halls.
 25112 | Orc:2    | Identified Sif Muna's Disquisition on Conjuration
 25200 | Orc:2    | Noticed an orc high priest
 25204 | Orc:2    | Killed an orc high priest
 25579 | Orc:2    | Noticed an ogre mage
 25585 | Orc:2    | Reached skill level 10 in Poison Magic
 25585 | Orc:2    | Killed an ogre mage
 25916 | Orc:2    | Found Zeoca's Gadget Emporium.
 25925 | Orc:2    | Bought a wand of iceblast (6) for 170 gold pieces
 25925 | Orc:2    | Bought a wand of acid (8) for 408 gold pieces
 25925 | Orc:2    | Bought a wand of paralysis (6) for 136 gold pieces
 25925 | Orc:2    | Bought a wand of iceblast (6) for 170 gold pieces
 25976 | Orc:2    | Found a radiant altar of Vehumet.
 25978 | Orc:2    | Noticed Erolcha
 25984 | Orc:2    | Killed Erolcha
 26187 | Orc:2    | Found Agez's Antique Armour Emporium.
 26190 | Orc:2    | Noticed Nergalle
 26204 | Orc:2    | Killed Nergalle
 26419 | Orc:2    | Bought a runed cloak for 232 gold pieces
 26419 | Orc:2    | Bought a runed robe for 114 gold pieces
 26455 | Orc:2    | Found an ancient bone altar of Kikubaaqudgha.
 26486 | Orc:2    | Found a roughly hewn altar of Beogh.
 26486 | Orc:2    | Found Imeyvvah's Magic Scroll Shoppe.
 26486 | Orc:2    | Noticed an ogre mage
 26486 | Orc:2    | Noticed an ogre mage
 26492 | Orc:2    | Killed an ogre mage
 26492 | Orc:2    | Killed an ogre mage
 26664 | Orc:2    | Found Kuibrobe's Distillery.
 26682 | Orc:2    | Bought a scroll of teleportation for 33 gold pieces
 26682 | Orc:2    | Bought a scroll of fear for 38 gold pieces
 26682 | Orc:2    | Bought a scroll of teleportation for 33 gold pieces
 26682 | Orc:2    | Bought a scroll of blinking for 82 gold pieces
 26682 | Orc:2    | Bought a scroll of immolation for 38 gold pieces
 26682 | Orc:2    | Bought a scroll of enchant weapon for 82 gold pieces
 26682 | Orc:2    | Bought a scroll of fog for 22 gold pieces
 26691 | Orc:2    | Bought a potion of mutation for 128 gold pieces
 26691 | Orc:2    | Bought a potion of magic for 128 gold pieces
 26691 | Orc:2    | Bought a potion of curing for 48 gold pieces
 26691 | Orc:2    | Bought a potion of mutation for 128 gold pieces
 26691 | Orc:2    | Bought a potion of might for 64 gold pieces
 26691 | Orc:2    | Bought a potion of haste for 160 gold pieces
 26847 | Orc:2    | Gained mutation: You have sharp toenails. [potion of
                  | mutation]
 26847 | Orc:2    | Gained mutation: You tend to lose your temper in combat.
                  | [potion of mutation]
 26847 | Orc:2    | Gained mutation: You are robust. (+10% HP) [potion of
                  | mutation]
 26848 | Orc:2    | Lost mutation: You are robust. (+10% HP) [potion of
                  | mutation]
 26848 | Orc:2    | Lost mutation: You tend to lose your temper in combat.
                  | [potion of mutation]
 26848 | Orc:2    | Lost mutation: You have sharp toenails. [potion of
                  | mutation]
 26848 | Orc:2    | Gained mutation: You are frail. (-10% HP) [potion of
                  | mutation]
 26848 | Orc:2    | Gained mutation: You are completely covered in yellow
                  | scales. (AC +4, rCorr) [potion of mutation]
 26859 | Orc:2    | Lost mutation: You are frail. (-10% HP) [potion of
                  | mutation]
 26859 | Orc:2    | Gained mutation: Armour fits poorly on your strangely
                  | shaped body. [potion of mutation]
 26859 | Orc:2    | Gained mutation: You are robust. (+10% HP) [potion of
                  | mutation]
 26859 | Orc:2    | Gained mutation: You evolve. [potion of mutation]
 27826 | D:12     | Reached XP level 13. HP: 86/86 MP: 23/23
 28618 | D:13     | You fall into a shaft and drop 1 floor!
 28723 | D:14     | Noticed Nessos
 28739 | D:14     | Killed Nessos
 28755 | D:14     | Got a fine broad axe
 30142 | D:14     | You fall into a shaft and drop 1 floor!
 30142 | D:15     | Entered Level 15 of the Dungeon
 30193 | D:15     | Reached skill level 11 in Poison Magic
 30346 | D:15     | Reached skill level 1 in Fighting
 30551 | D:15     | Found a staircase to the Depths.
 30551 | D:15     | Noticed a fire giant
 30681 | D:15     | Killed a fire giant
 31596 | D:15     | Found a runed translucent door.
 31597 | D:15     | Noticed Kuralita's ghost (journeyman OpTm)
 32091 | D:15     | Bought a glowing cloak for 195 gold pieces
 32091 | D:15     | Bought a scroll labelled XEIXURRIGO for 26 gold pieces
 32091 | D:15     | Bought a sapphire potion for 23 gold pieces
 32091 | D:15     | Bought a potion of might for 104 gold pieces
 32341 | D:14     | Found Hahec's Armour Emporium.
 32345 | D:14     | Bought a +1 hat for 165 gold pieces
 32572 | D:14     | Noticed a lich
 32573 | D:14     | Found a runed translucent gate.
 32573 | D:14     | Found a runed translucent gate.
 32573 | D:14     | Found an ancient bone altar of Kikubaaqudgha.
 32573 | D:14     | Noticed Kilet's ghost (adept GrEE)
 32573 | D:14     | Noticed a lich
 32573 | D:14     | Noticed a lich
 32574 | D:14     | Found a runed translucent gate.
 32574 | D:14     | Noticed a lich
 33244 | D:15     | Killed Kuralita's ghost
 33706 | D:14     | Gained mutation: Your demonic aura causes spilled blood to
                  | erupt in flames. [demonic ancestry]
 33706 | D:14     | Reached XP level 14. HP: 99/99 MP: 12/25
 33938 | D:14     | Gained mutation: Your spells are a little harder to cast,
                  | but a little more powerful. [evolution]
 34216 | D:14     | Found a gate to the Vaults.
 35634 | D:13     | Identified the cursed +0 scale mail of Oblivion {Int+4}
 35795 | D:13     | Reached skill level 10 in Shields
 35804 | D:13     | Slain by a harpy

Illustrated notes

Levels and vault maps discovered:
D:1:      ncdulo_lavacross, layout_basic, amcnicky_mini_corridor_feature
D:2:      layout_rooms, guppyfry_early_lair_pool
D:3:      layout_rooms, st_stairs_6, chequers_serial_rivers_large_a,
          minmay_cut_off
D:4:      minmay_spotlight, layout_loops_cross, kennysheep_slug_shrine,
          nzn_hepliaklqana_mist_gate, marbit_many_paths,
          minmay_misc_feat_pillars, uniq_eustachio, uniq_duvessa
D:5:      layout_rooms, general_overflow_altar, tgw_trog,
          chequers_temple_overflow_statue_of_worship,
          grunt_temple_overflow_forces_of_nature
D:7:      layout_basic, overflow_temple_1_default,
          minmay_temple_entry_glassed_door, gammafunk_ghost_split
D:8:      layout_loops_ring, dancing_weapons_uskayaw,
          grunt_dithmenos_smoke_and_mirrors, nicolae_ossuary_entry_catacombs,
          serial_shops, nicolae_shop_trees, chequers_serial_rivers_small_3
D:9:      layout_roguey, kennysheep_okawaru_gauntlet, minmay_shop_damaged,
          kennysheep_small_square, uniq_joseph
D:10:     layout_irregular_city, serial_shops, shop
D:11:     layout_basic, due_lair_maze_entry_diamond, zombieorc2_lemuel,
          serial_rivers, chequers_serial_rivers_micro_c,
          chequers_serial_rivers_room_a, chequers_serial_rivers_small_3,
          chequers_serial_rivers_small_a, chequers_serial_rivers_room_a
D:12:     layout_rooms, elyvilon_altar_5
D:13:     layout_roguey, hangedman_aviary, uniq_snorg
D:14:     layout_basic, ximxim_vaults_locker_room, serial_shops, shop,
          gammafunk_ghost_crypt, uniq_nessos
D:15:     grunt_enter_depths_giant_problem, layout_loops_ring,
          gammafunk_ghost_grave, patterned_corridor
Temple:   jpeg_temple_island
Orc:1:    layout_diamond_mine
Orc:2:    kennysheep_orc_mage_school, layout_diamond_mine, serial_shops,
          nicolae_shop_stone, led_sif_book

Skill      XL: |  1  2  3  4  5  6  7  8  9 10 11 12 13 14 |
---------------+-------------------------------------------+-----
Air Magic      | 1 2 3 4 5 6 7 |  7.2
Poison Magic   | 4 5 6 7 8 9 10 11 | 11.5
Shields        | 1 2 3 4 5 6 7 9 10 | 10.0
Spellcasting   | 3 4 5 6 7 |  7.8
Transmutations | 1 2 3 4 5 6 |  6.9
Conjurations   | 1 2 3 4 5 6 7 |  7.6
Fire Magic     | 1 2 3 4 6 7 8 |  8.6
Evocations     | 1 3 4 5 6 7 8 |  8.1
Fighting       | 2 |  2.4
Dodging        | |  1.7
Stealth        | |  1.7

Action                   |  1- 3 |  4- 6 |  7- 9 | 10-12 | 13-15 || total
-------------------------+-------+-------+-------+-------+-------++-------
Melee: Unarmed           |     3 |       |       |       |       ||     3
       Staff             |       |    10 |   268 |   246 |   292 ||   816
       Headbutt          |       |       |    61 |    46 |    37 ||   144
       Short sword       |       |       |       |     4 |       ||     4
Throw: Dart              |     8 |     5 |     1 |     1 |       ||    15
 Cast: Sting             |    15 |     1 |       |       |       ||    16
       Poisonous Vapours |    34 |    75 |    99 |   176 |    32 ||   416
       Mephitic Cloud    |       |     4 |    26 |    48 |    52 ||   130
       Ignite Poison     |       |     1 |    49 |   138 |   100 ||   288
       Olgreb's Toxic Ra |       |       |     1 |    47 |    33 ||    81
Invok: Call Merchant     |       |       |       |       |     1 ||     1
Evoke: Wand              |       |       |       |     1 |     1 ||     2
       Tin of tremorston |       |       |       |     1 |       ||     1
  Use: Scroll            |       |       |     6 |     6 |     5 ||    17
       Potion            |       |       |       |     6 |     2 ||     8
 Stab: Sleeping          |       |       |     1 |       |       ||     1
       Paralysed         |       |       |       |    13 |       ||    13
       Confused          |       |       |       |     2 |     1 ||     3
       Distracted        |       |       |       |       |     1 ||     1
Armor: Robe              |     8 |    21 |    86 |    86 |   109 ||   310
       Leather armour    |       |       |       |       |    52 ||    52
       Skin              |       |       |       |       |     2 ||     2
Dodge: Dodged            |    20 |    30 |   195 |   178 |    99 ||   522
Block: Buckler           |       |       |       |    24 |       ||    24
       Tower shield      |       |       |       |   216 |   259 ||   475
       Reflection        |       |       |       |     5 |     3 ||     8
